 Dungeon Crawl Stone Soup version 0.28-a0-863-g8cecda6153 (webtiles) character file.

Game seed: 260791585979176896

7664 kklluuttzz the Geomancer (level 11, -5/68 HPs)
             Began as a Formicid Earth Elementalist on Nov 19, 2021.
             Was a Priest of Sif Muna.
             Slain by a two-headed ogre (31 damage)
             ... on level 10 of the Dungeon.
             The game lasted 00:20:52 (12883 turns).

kklluuttzz the Geomancer (FoEE)                    Turns: 12883, Time: 00:20:53

Health: -5/68      AC:  5    Str: 16    XL:     11   Next: 41%
Magic:  11/32      EV: 12    Int: 15    God:    Sif Muna [***...]
Gold:   503        SH:  0    Dex: 11    Spells: 16/26 levels left

rFire   . . .      SeeInvis +   b - staff of earth
rCold   . . .      Faith    +   (no shield)
rNeg    + . .      Spirit   .   G - +0 robe
rPois   .          Reflect  .   (helmet unavailable)
rElec   .          Harm     .   x - +0 cloak
rCorr   .          Rampage  .   M - +1 pair of gloves
Will    +....                   (no boots)
Stlth   ++++......              m - amulet of faith
HPRegen 0.21/turn               g - ring of positive energy
MPRegen 0.23/turn               F - ring of magical power

@: no status effects
A: permanent stasis, dig shafts and tunnels, antennae 3, four strong arms
a: Dig, Shaft Self, Renounce Religion, Channel Magic, Forget Spell


You were on level 10 of the Dungeon.
You worshipped Sif Muna.
Sif Muna was most pleased with you.
You visited 2 branches of the dungeon, and saw 11 of its levels.
You also visited: Ossuary.

You collected 503 gold pieces.

Inventory:

Hand Weapons
 a - a +2 dagger of venom
 A - a +4 spear of flaming
 C - the +5 scythe "Finisher" {speed, eviscerate}
   (You found it on level 5 of the Dungeon)

   Attacks with this weapon are significantly faster.
   It may eviscerate those it strikes, slaying them instantly, with a decreasing
   chance against stronger foes.
Missiles
 c - 160 stones
 d - 12 boomerangs
 i - 5 javelins
Armour
 x - a +0 cloak (worn)
 G - a +0 robe (worn)
 M - a +1 pair of gloves (worn)
Magical Staves
 b - a staff of earth (weapon)
Jewellery
 g - a ring of positive energy (left hand)
 m - an amulet of faith (around neck)
 F - a ring of magical power (right hand)
Wands
 h - a wand of flame (15)
 u - a wand of digging (8)
 B - a wand of polymorph (6)
 H - a wand of iceblast (4)
Scrolls
 f - a scroll of noise {unknown}
 j - 2 scrolls of torment
 o - a scroll of magic mapping
 q - 3 scrolls of amnesia {unknown}
 r - 2 scrolls of summoning
 v - a scroll of holy word {unknown}
 w - a scroll of silence {unknown}
 y - a scroll of blinking {unknown}
 z - 4 scrolls of teleportation
 D - 2 scrolls of fear {unknown}
 E - a scroll of immolation {unknown}
 L - 3 scrolls of identify
Potions
 e - 3 potions of curing
 k - 3 potions of heal wounds {unknown}
 l - 4 potions of might
 n - a potion of haste {unknown}
 p - 2 potions of invisibility {unknown}
 s - 2 potions of attraction
 t - a potion of resistance {unknown}
 I - a potion of berserk rage {unknown}
 J - a potion of mutation {unknown}
 K - 3 potions of flight {unknown}


   Skills:
 - Level 3.9 Short Blades
 - Level 1.7 Dodging
 - Level 9.0 Stealth
 - Level 8.1 Spellcasting
 - Level 5.4 Conjurations
 - Level 5.3 Transmutations
 - Level 10.2 Earth Magic
 + Level 7.7 Invocations


You had 16 spell levels left.
You knew the following spells:

 Your Spells              Type           Power      Damage    Failure   Level
a - Sandblast             Erth           100%       2d20      1%          1
b - Stone Arrow           Conj/Erth      88%        3d12      1%          3
c - Petrify               Tmut/Erth      44%        N/A       4%          4
w - Passwall              Tmut/Erth      36%        N/A       1%          2

Your spell library contained the following spells:

 Spells                   Type           Power      Damage    Failure   Level


Dungeon Overview and Level Annotations

Branches:
Dungeon (10/15)            Temple (1/1) D:6             Orc (0/2) D:9
Ossuary (visited)
   Lair: D:8-11

Altars:
Ashenzari
Cheibriados
Dithmenos
Elyvilon
Fedhas
Gozag
Hepliaklqana
Kikubaaqudgha
Makhleb
Nemelex Xobeh
Okawaru
Qazlal
Ru
Sif Muna
Trog
Uskayaw
Vehumet
Wu Jian
Xom
Yredelemnul
Zin
The Shining One

Shops:
D:8 (

Annotations:
D:6 3 runed translucent doors, horus123's ghost, amateur DrGl
D:9 2 transporters
D:10 exclusion: door


Innate Abilities, Weirdness & Mutations

You cannot be hasted, slowed, berserked, paralysed or teleported.
You can dig through walls and to a lower floor.
You have a pair of large antennae on your head. (SInv)
Your four strong arms can wield two-handed weapons with a shield.


Message History

You feel a surge of power!
The blast of sand hits the centaur warrior zombie!!
You destroy the centaur warrior zombie!
Sif Muna accepts your kill.
c - 160 stones
Casting: Sandblast (safe; 1% risk of failure)
Confirm with . or Enter, or press ? or * to list all spells.
You can't see any susceptible monsters within range! (Use Z to cast anyway.)
You start resting.
You sense a monster nearby.
You start resting.
A two-headed ogre comes into view. It is wielding two +0 giant clubs.
Casting: Sandblast (safe; 1% risk of failure)
Confirm with . or Enter, or press ? or * to list all spells.
Aiming: Stone Arrow (safe; 1% risk of failure)
Press: ? - help, Shift-Dir - straight line, f - two-headed ogre
Aim: a two-headed ogre, wielding two +0 giant clubs (wandering, hasn't noticed you, 89% to hit)
You feel a surge of power!
The stone arrow hits the two-headed ogre!
The two-headed ogre is lightly wounded.
The two-headed ogre shouts in stereo!
Casting: Stone Arrow (safe; 1% risk of failure)
Confirm with . or Enter, or press ? or * to list all spells.
Aiming: Stone Arrow (safe; 1% risk of failure)
Press: ? - help, Shift-Dir - straight line, f/p - two-headed ogre
Aim: a two-headed ogre, wielding two +0 giant clubs (lightly wounded, 89% to hit)
You feel a surge of power!
The stone arrow hits the two-headed ogre!
The two-headed ogre is moderately wounded.
Casting: Stone Arrow (safe; 1% risk of failure)
Confirm with . or Enter, or press ? or * to list all spells.
Aiming: Stone Arrow (safe; 1% risk of failure)
Press: ? - help, Shift-Dir - straight line, f/p - two-headed ogre
Aim: a two-headed ogre, wielding two +0 giant clubs (moderately wounded, 89% to hit)
You feel a surge of power!
The stone arrow hits the two-headed ogre!!
The two-headed ogre is severely wounded.
The two-headed ogre hits you with a +0 giant club.
The two-headed ogre hits you with a +0 giant club!!
You die...

'#+#.........+.........#
....[........#?........#
.............#.........
...######....#........
...# #....#.......# ...#
#....#.......# ...#
#....#.......#
...###+##....#####†..# {
................@.#..#
.................O####...
...#####..#'#+#......{...
...#...#..#...#.....###+#
...#<..#..#...#.....#
...#...#..#...#.....#
...#...#..#####.....#
...'...#... ......#
...#####.. .......#


You could see a two-headed ogre.

Vanquished Creatures
  2 two-headed ogres (D:9)
  A centaur zombie (D:10)
  2 trolls (D:9)
  Prince Ribbit (D:5)
  2 shadows
  9 yaks
  A steam dragon (D:7)
  4 vampire mosquitoes (D:10)
  An acid dragon (D:9)
  A water moccasin (D:9)
  2 ice beasts
  3 orc warriors
  A necrophage (D:8)
  3 ogres
  5 centaurs
  3 phantoms
  A kobold brigand (D:6)
  2 bullfrogs
  A gnoll sergeant (D:7)
  A wyvern zombie (D:5)
  A wyvern skeleton (D:7)
  A water moccasin zombie (D:5)
  4 killer bees (D:9)
  3 wights (D:7)
  3 hounds
  A centaur skeleton (D:5)
  2 jellies
  2 bullfrog skeletons
  A bullfrog zombie (D:5)
  7 orc priests
  3 orc wizards
  A hound skeleton (D:4)
  12 mummies (Ossuary)
  A howler monkey zombie (D:8)
  6 gnolls
  5 adders
  3 shadow imps
  A white imp (D:7)
  3 ufetubi
  3 worms
  A dart slug (D:4)
  46 orcs
  4 bats
  2 endoplasms
  2 giant cockroaches
  5 goblins
  3 hobgoblins
  3 quokkas
  4 ball pythons
  5 frilled lizards
  3 gnoll skeletons (Ossuary)
  2 goblin skeletons (Ossuary)
  10 kobolds
  A kobold skeleton (Ossuary)
  2 orc skeletons (Ossuary)
  2 rats (D:3)
  11 rat skeletons (Ossuary)
215 creatures vanquished.

Vanquished Creatures (collateral kills)
  A hound (D:6)
1 creature vanquished.

Grand Total: 216 creatures vanquished

Notes
Turn   | Place    | Note
-------+----------+-------------------------------------------
     0 | D:1      | kklluuttzz the Formicid Earth Elementalist began the quest
                  | for the Orb.
     0 | D:1      | Reached XP level 1. HP: 13/13 MP: 3/3
    60 | D:1      | Reached skill level 4 in Earth Magic
   209 | D:1      | Reached XP level 2. HP: 13/19 MP: 0/5
   366 | D:1      | Learned a level 2 spell: Passwall
   453 | D:1      | Found a faded altar of an unknown god.
  1174 | D:2      | Reached skill level 5 in Earth Magic
  1174 | D:2      | Reached XP level 3. HP: 24/24 MP: 3/6
  2270 | D:3      | Reached XP level 4. HP: 29/30 MP: 7/7
  2794 | D:3      | Reached skill level 6 in Earth Magic
  3078 | D:4      | Reached XP level 5. HP: 24/35 MP: 5/8
  3096 | D:4      | Reached skill level 7 in Earth Magic
  3423 | D:4      | Noticed an ogre
  3455 | D:4      | Killed an ogre
  3456 | D:4      | Reached skill level 8 in Earth Magic
  3456 | D:4      | Reached XP level 6. HP: 21/41 MP: 7/9
  3655 | D:4      | Found a hide-covered altar of Uskayaw.
  3660 | D:4      | Learned a level 3 spell: Stone Arrow
  3945 | D:4      | Reached skill level 1 in Conjurations
  4203 | D:4      | Reached XP level 7. HP: 43/46 MP: 11/11
  4419 | D:5      | Entered Level 5 of the Dungeon
  4944 | D:5      | Found the +5 scythe "Finisher" {speed, eviscerate}
  4992 | D:5      | Reached XP level 8. HP: 45/52 MP: 4/14
  5552 | D:5      | Reached skill level 5 in Spellcasting
  5720 | D:5      | Noticed Prince Ribbit
  5726 | D:5      | Killed Prince Ribbit
  5727 | D:5      | Reached skill level 5 in Conjurations
  6622 | D:6      | Reached XP level 9. HP: 57/57 MP: 18/18
  6655 | D:6      | Reached skill level 1 in Short Blades
  6940 | D:6      | Found a runed translucent gate.
  6941 | D:6      | Found a runed translucent gate.
  6942 | D:6      | Found a runed translucent gate.
  6943 | D:6      | Noticed horus123's ghost (amateur DrGl)
  6955 | D:6      | Found a staircase to the Ecumenical Temple.
  6965 | Temple   | Entered the Ecumenical Temple
  7226 | Temple   | Became a worshipper of Sif Muna the Loreminder
  7890 | D:7      | Reached skill level 5 in Stealth
  8681 | D:7      | Reached * piety under Sif Muna
  8780 | D:7      | Learned a level 4 spell: Petrify
  9240 | D:8      | Reached XP level 10. HP: 63/63 MP: 5/20
  9442 | D:8      | Found a sand-covered staircase.
  9450 | Ossuary  | Entered an ossuary
  9953 | Ossuary  | Reached ** piety under Sif Muna
 10006 | Ossuary  | Reached skill level 9 in Earth Magic
 10778 | D:8      | Found Ycayck's Antique Weapon Emporium.
 10964 | D:9      | Noticed a two-headed ogre
 11299 | D:9      | Killed a two-headed ogre
 11556 | D:9      | Noticed a two-headed ogre
 11567 | D:9      | Killed a two-headed ogre
 11568 | D:9      | Reached skill level 5 in Transmutations
 11568 | D:9      | Reached skill level 10 in Earth Magic
 11675 | D:9      | Noticed an orc sorcerer
 11675 | D:9      | Noticed a kobold demonologist
 11678 | D:9      | Found a transporter.
 11678 | D:9      | Found a transporter.
 11690 | D:9      | Noticed an orc sorcerer
 11691 | D:9      | Noticed a kobold demonologist
 11693 | D:9      | Noticed a kobold demonologist
 11723 | D:9      | Reached XP level 11. HP: 68/68 MP: 14/23
 11801 | D:9      | Reached skill level 1 in Invocations
 12077 | D:9      | Reached *** piety under Sif Muna
 12078 | D:9      | Noticed a two-headed ogre
 12446 | D:9      | Reached skill level 5 in Invocations
 12573 | D:9      | Found a staircase to the Orcish Mines.
 12726 | D:10     | Entered Level 10 of the Dungeon
 12880 | D:10     | Noticed a two-headed ogre
 12883 | D:10     | Slain by a two-headed ogre

Illustrated notes

Levels and vault maps discovered:
D:1:      dpeg_arrival_short_road, layout_rooms,
          shapermc_ecumenical_altar_totnotflames, kennysheep_doodads
D:2:      layout_basic, hangedman_decor_opposing
D:3:      layout_basic, minmay_misc_feat_plants, fountainhead
D:4:      layout_loops_cross, mainiacjoe_overflow_small_starburst
D:5:      layout_basic, hangedman_decor_push, uniq_prince_ribbit1
D:6:      layout_cave_pools, minmay_temple_entry_gardened_gates,
          gammafunk_ghost_necromancy, nicolae_elevator_lobby_asterisk
D:7:      layout_basic, lightli_orcish_oven
D:8:      nicolae_cairo_tiling_large_dashed, layout_gridville, serial_shops,
          shop, chequers_ossuary_entry_cave, minmay_misc_feat_four_crosses,
          kennysheep_nondescript
D:9:      gammafunk_wand_slinger, layout_rooms, hiddenorc1_lemuel,
          chequers_serial_rivers_micro_d
D:10:     layout_irregular_city, patterned_corridor
Temple:   mainiacjoe_temple_hex_bubbles

Skill      XL: |  1  2  3  4  5  6  7  8  9 10 11 |
---------------+----------------------------------+-----
Earth Magic    | 4 5 6 8 10 | 10.2
Conjurations   | 1 3 5 |  5.4
Spellcasting   | 3 4 6 8 |  8.1
Short Blades   | 3 |  3.9
Stealth        | 6 9 |  9.0
Transmutations | 2 5 |  5.3
Invocations    | 7 |  7.7
Dodging        | |  1.7

Action                   |  1- 3 |  4- 6 |  7- 9 | 10-12 || total
-------------------------+-------+-------+-------+-------++-------
Melee: Unarmed           |    43 |       |       |       ||    43
       Dagger            |    12 |    85 |   138 |    36 ||   271
       Short sword       |     5 |       |       |       ||     5
       Staff             |       |       |       |    16 ||    16
Throw: Boomerang         |     6 |       |       |       ||     6
 Cast: Sandblast         |    27 |    11 |    25 |    18 ||    81
       Passwall          |     2 |     3 |     3 |       ||     8
       Stone Arrow       |       |       |    60 |   118 ||   178
       Petrify           |       |       |       |     3 ||     3
 Abil: Dig               |       |     3 |     2 |     2 ||     7
Evoke: Wand              |       |       |       |     1 ||     1
  Use: Scroll            |       |       |     5 |     4 ||     9
 Stab: Sleeping          |     3 |     4 |     5 |       ||    12
       Distracted        |       |       |     1 |       ||     1
Armor: Robe              |    21 |    12 |    36 |    18 ||    87
Dodge: Dodged            |    61 |    47 |    80 |    46 ||   234

Table legend: (Time is in decaauts)
 A = Elapsed time spent in this place.
 B = Non-inter-level travel time spent in this place.
 C = Inter-level travel time spent in this place.
 D = Time resting spent in this place.
 E = Time spent auto-exploring this place.
 F = Levels seen in this place.
 G = Mean time per level.
                   A        B        C        D        E       F      G
               +--------+--------+--------+--------+--------+-----+--------+
         Total |  12882 |  12288 |    594 |   3653 |   6777 |  12 | 1073.5 |
       Dungeon |  11719 |  11187 |    532 |   3582 |   5895 |  10 | 1171.9 |
        Temple |    290 |    228 |     62 |      0 |    226 |   1 |  290.0 |
       Ossuary |    871 |    871 |      0 |     71 |    656 |   1 |  871.0 |
               +--------+--------+--------+--------+--------+-----+--------+

Top non-repeatable levels by time:
     D:4: 1869 daAuts
     D:9: 1666 daAuts
     D:5: 1611 daAuts
     D:7: 1286 daAuts
     D:6: 1114 daAuts
     D:8: 1088 daAuts
     D:3: 1056 daAuts
     D:2: 1028 daAuts
 Ossuary: 871 daAuts
     D:1: 839 daAuts
  Temple: 290 daAuts
    D:10: 157 daAuts
